 Dungeon Crawl Stone Soup version 0.22-a0-159-g7ce444f (webtiles) character file.

2832 wolfsongas the Cleaver (level 9, -1/68 HPs)
             Began as a Demonspawn Gladiator on Feb 9, 2018.
             Was an Initiate of Cheibriados.
             Slain by a wight
             ... wielding a cursed +1 mace
              (5 damage)
             ... on level 7 of the Dungeon.
             The game lasted 00:14:25 (5742 turns).

wolfsongas the Cleaver (Demonspawn Gladiator)       Turns: 5742, Time: 00:14:26

Health: -1/68      AC: 22    Str: 18    XL:     9   Next: 45%
Magic:  0/9        EV:  7    Int: 11    God:    Cheibriados [......]
Gold:   68         SH:  0    Dex: 18    Spells: 8/8 levels left

rFire    + . .     SeeInvis .   g - +1 whip of the Orcish Mines {protect, Dex+2}
rCold    . . .     Gourm    .   (no shield)
rNeg     . . .     Faith    .   b - +2 chain mail "Beitumiu" {rPois Stlth+}
rPois    +         Spirit   +   c - +0 helmet
rElec    .         Reflect  .   r - +0 cloak
rCorr    .         Harm     .   (no gloves)
MR       .....                  (no boots)
Stlth    +.........             q - amulet of guardian spirit
HPRegen  0.21/turn              k - ring of protection from fire
MPRegen  0.11/turn              t - ring of stealth

@: protection aura, heavily drained, very slow
A: talons 1, thin metallic scales 1, demonic guardian 1, powered by death 1
a: Bend Time, Renounce Religion


You were on level 7 of the Dungeon.
You worshipped Cheibriados.
Cheibriados was noncommittal.
You were not hungry.

You visited 2 branches of the dungeon, and saw 8 of its levels.

You collected 255 gold pieces.
You spent 187 gold pieces at shops.

Inventory:

Hand Weapons
 a - a +1 war axe
 g - the +1 whip of the Orcish Mines (weapon) {protect, Dex+2}
   (You bought it in a shop on level 6 of the Dungeon)

   It protects the one who uses it against injury (+AC on strike).
   It affects your dexterity (+2).
Missiles
 d - 3 throwing nets (quivered)
Armour
 b - the +2 chain mail "Beitumiu" (worn) {rPois Stlth+}
   (You found it on level 6 of the Dungeon)

   It protects you from poison.
   It makes you more stealthy.
 c - a +0 helmet (worn)
 r - a +0 cloak (worn)
Jewellery
 k - a ring of protection from fire (left hand)
 q - an amulet of guardian spirit (around neck)
 t - a ring of stealth (right hand)
Wands
 o - a wand of acid (8)
 v - a wand of flame (31)
Scrolls
 e - a scroll of blinking
 i - 3 scrolls of magic mapping
 l - 3 scrolls of remove curse
 p - a scroll of amnesia
 x - a scroll of enchant armour {unknown}
Potions
 j - a potion of curing
 u - a potion of cancellation
Comestibles
 f - 6 rations


   Skills:
 + Level 5.5(3.5) Fighting
 - Level 9.9(7.7) Axes
 + Level 2.4(4.6) Maces & Flails
 - Level 1.7(0.0) Throwing
 + Level 4.5(2.5) Armour
 - Level 2.6(0.8) Dodging


You had 8 spell levels left.
You didn't know any spells.

Dungeon Overview and Level Annotations

Branches:
Dungeon (7/15)             Temple (1/1) D:5

Altars:
Ashenzari
Cheibriados
Dithmenos
Elyvilon
Fedhas
Kikubaaqudgha
Makhleb
Nemelex Xobeh
Okawaru
Sif Muna
Vehumet
Wu Jian
Xom
Zin

Shops:
D:6 (


Innate Abilities, Weirdness & Mutations

You have sharp toenails.
You are partially covered in thin metallic scales. (AC +2)
A weak demonic guardian rushes to your aid.
You regenerate a little health from kills.


Message History

Your chain mail "Beitumiu" prevents you from hitting the wight.
The wight is severely damaged.
The orc warrior hits you but does no damage.
Your iron imp misses the orc warrior.
You barely miss the wight. You claw the wight.
The wight is almost destroyed.
Your iron imp disappears in a puff of smoke!
The orc barely misses you. The wight hits you but does no damage.
Your chain mail "Beitumiu" prevents you from hitting the wight.
You claw the wight, but do no damage.
The wight is almost destroyed.
The orc warrior hits you with a flail!
* * * LOW HITPOINT WARNING * * *
Your chain mail "Beitumiu" prevents you from hitting the wight.
You claw the wight.
The wight is almost destroyed.
The orc closely misses you. The orc warrior hits you with a flail!
* * * LOW HITPOINT WARNING * * *
The wight hits you with an enchanted mace.
You die...

#.....# #.....# .####
#######....[# .....
#.....+.....# ......
##.....###..# ...>..
#.....# #..#
......###...(.###..#
.........o.........##+####
.........o@).............#
.......())z_.............#
........)[...............#
.....)...........##......##
#.....###.....###.#........
#..... #.....# #.#........
+..... #.....# #.'........
#..... ......##...#........
#...% ################'##..


You could see an orc warrior, a wight and an orc.

Vanquished Creatures
  A hippogriff (D:6)
  The ghost of wolfdryt719 the Chopper, an amateur GrFi of Gozag (D:3)
  A black bear (D:4)
  A necrophage (D:5)
  3 phantoms
  2 centaurs
  A bullfrog (D:6)
  2 killer bees (D:7)
  4 wights (D:7)
  2 crimson imps
  6 orc wizards
  An orc priest (D:3)
  Crazy Yiuf (D:5)
  3 jellies
  2 bullfrog skeletons
  4 iguanas
  8 worker ants
  A mummy (D:7)
  3 gnolls (D:3)
  4 adders
  2 shadow imps (D:6)
  An adder zombie (D:6)
  2 worms (D:5)
  4 dart slugs
  4 leopard geckos
  13 orcs
  2 giant cockroaches (D:1)
  3 goblins
  6 jackals
  3 kobolds
  4 quokkas
  5 bats
  6 frilled lizards
  A jackal skeleton (D:3)
  2 leopard gecko skeletons
  A quokka skeleton (D:5)
  A quokka zombie (D:5)
  4 rats
115 creatures vanquished.

Vanquished Creatures (collateral kills)
  The ghost of amavritansky the Basher, a novice MiFi of Okawaru (D:6)
  The ghost of mobydollar the Basher, a novice GrFi (D:5)
  An ogre (D:4)
  A centaur (D:7)
  A scorpion (D:4)
  A killer bee (D:7)
  A crimson imp (D:5)
  An orc priest (D:7)
  2 orc wizards
  A howler monkey zombie (D:5)
  5 orcs
  A bat (D:3)
17 creatures vanquished.

Grand Total: 132 creatures vanquished

Notes
Turn   | Place    | Note
-------+----------+-------------------------------------------
     0 | D:1      | wolfsongas the Demonspawn Gladiator began the quest for the Orb.
     0 | D:1      | Reached XP level 1. HP: 16/16 MP: 1/1
    96 | D:1      | Reached skill level 3 in Axes
   151 | D:1      | Gained mutation: You regenerate a little health from kills. [demonic ancestry]
   151 | D:1      | Reached XP level 2. HP: 20/22 MP: 2/2
   800 | D:2      | Reached XP level 3. HP: 27/27 MP: 3/3
   827 | D:2      | Reached skill level 4 in Axes
   916 | D:2      | Gained mutation: You have sharp toenails. [demonic ancestry]
   916 | D:2      | Reached XP level 4. HP: 33/33 MP: 4/4
  1157 | D:3      | Reached skill level 5 in Axes
  1326 | D:3      | Gained mutation: A weak demonic guardian rushes to your aid. [demonic ancestry]
  1326 | D:3      | Reached XP level 5. HP: 37/38 MP: 5/5
  1843 | D:3      | Noticed wolfdryt719's ghost (amateur GrFi)
  1877 | D:3      | HP: 2/57 [wolfdryt719's ghost (8)]
  1879 | D:3      | Killed wolfdryt719's ghost
  1879 | D:3      | Reached skill level 6 in Axes
  1879 | D:3      | Reached XP level 6. HP: 2/44 MP: 6/6
  2511 | D:4      | Reached skill level 7 in Axes
  2649 | D:4      | Gained mutation: You are partially covered in thin metallic scales. (AC +2) [demonic ancestry]
  2649 | D:4      | Reached XP level 7. HP: 44/50 MP: 7/7
  2858 | D:4      | Reached skill level 8 in Axes
  3060 | D:4      | Found a shattered altar of Ashenzari.
  3230 | D:4      | Found a radiant altar of Vehumet.
  3546 | D:5      | Entered Level 5 of the Dungeon
  3707 | D:5      | Noticed mobydollar's ghost (novice GrFi)
  3724 | D:5      | Killed mobydollar's ghost
  3724 | D:5      | Reached skill level 9 in Axes
  3724 | D:5      | Reached XP level 8. HP: 56/56 MP: 8/8
  3878 | D:5      | Found a runed door.
  3886 | D:5      | Noticed Crazy Yiuf
  3890 | D:5      | Killed Crazy Yiuf
  3970 | D:5      | Reached skill level 1 in Armour
  4004 | D:5      | Found a staircase to the Ecumenical Temple.
  4424 | Temple   | Entered the Ecumenical Temple
  4767 | D:6      | Noticed a hippogriff
  4769 | D:6      | Noticed amavritansky's ghost (novice MiFi)
  4777 | D:6      | Killed a hippogriff
  4793 | D:6      | Killed amavritansky's ghost
  4793 | D:6      | Reached XP level 9. HP: 42/65 MP: 3/9
  4976 | D:6      | Got a jewelled chain mail
  4987 | D:6      | Identified the +2 chain mail "Beitumiu" {rPois Stlth+} (You found it on level 6 of the Dungeon)
  4996 | D:6      | Found Caups's Antique Weapon Shoppe.
  5008 | D:6      | Bought an ancient whip for 187 gold pieces
  5008 | D:6      | Identified the cursed +1 whip of the Orcish Mines {protect, Dex+2} (You bought it in a shop on level 6 of the Dungeon)
  5201 | D:7      | Reached skill level 1 in Maces & Flails
  5235 | D:7      | Reached skill level 5 in Fighting
  5526 | D:7      | Identified the Reference Book on Frigorific Good Luck
  5612 | D:7      | Found a snail-covered altar of Cheibriados.
  5648 | D:7      | Became a worshipper of Cheibriados the Contemplative
  5742 | D:7      | Slain by a wight

Vault maps used:
D:1:      nzn_arrival_settlement, minmay_misc_feat_alley
D:2:      hangedman_decor_growths
D:4:      black_bear_nest_1, cheibrodos_ashenzari_chains, vehumet_crystals
D:5:      minmay_temple_entry_butterflies, first_ration, uniq_crazy_yiuf_cottage
D:6:      serial_shops, shop_fountains
D:7:      minitemple, slow_altar_1, nemelex_diamond_rough_becter
Temple:   minmay_temple_curvy_loop

Skill      XL: |  1  2  3  4  5  6  7  8  9 |
---------------+----------------------------+-----
Axes           | 3 4 5 6 7 9 |  9.9
Armour         | 3 4 |  4.5
Fighting       | 4 5 |  5.5
Maces & Flails | 2 |  2.4
Throwing       | |  1.7
Dodging        | |  2.6

Action                   |  1- 3 |  4- 6 |  7- 9 || total
-------------------------+-------+-------+-------++-------
Melee: War axe           |    74 |   118 |   192 ||   384
       Kick              |       |    28 |   124 ||   152
       Whip              |       |       |   169 ||   169
Invok: Bend Time         |       |       |     2 ||     2
  Use: Scroll            |     3 |     7 |     3 ||    13
       Potion            |       |     3 |     7 ||    10
 Stab: Distracted        |       |       |     1 ||     1
  Eat: Chunk             |       |     4 |     5 ||     9
       Ration            |       |     1 |     1 ||     2
Armor: Chain mail        |    58 |    70 |   305 ||   433
       Skin              |       |    23 |       ||    23
Dodge: Dodged            |    29 |    46 |   182 ||   257

Table legend:
 A = Spawn XP
 B = Non-spawn XP
 C = Spawn XP percentage of total XP
 D = Spawn monster count
 E = Non-spawn monster count
 F = Spawn count percentage of total count
 G = Total turns spent on level
                    A         B        C        D         E        F      G
               +---------+---------+-------+---------+---------+-------+---------
         Total |       0 |    4046 |   0.0 |       0 |     132 |   0.0 |  5742
               +---------+---------+-------+---------+---------+-------+---------
           D:1 |       0 |      21 |   0.0 |       0 |      12 |   0.0 |   768
           D:2 |       0 |      94 |   0.0 |       0 |      13 |   0.0 |   361
           D:3 |       0 |     362 |   0.0 |       0 |      29 |   0.0 |  1292
           D:4 |       0 |     661 |   0.0 |       0 |      18 |   0.0 |  1125
           D:5 |       0 |     876 |   0.0 |       0 |      21 |   0.0 |   888
           D:6 |       0 |    1202 |   0.0 |       0 |      19 |   0.0 |   472
           D:7 |       0 |     830 |   0.0 |       0 |      20 |   0.0 |   559
               +---------+---------+-------+---------+---------+-------+---------
